 Dungeon Crawl Stone Soup version 0.17-a0-1880-gacf7e67 (webtiles) character file.

167 shakdrar the Shield-Bearer (level 5, -1/33 HPs)
             Began as a Gargoyle Fighter on Sept 21, 2015.
             Slain by an ogre
             ... wielding a +0 giant club
              (10 damage)
             ... on level 4 of the Dungeon.
             The game lasted 00:08:20 (2332 turns).

shakdrar the Shield-Bearer (Gargoyle Fighter)       Turns: 2332, Time: 00:08:20

Health: -1/33      AC: 13    Str: 20    XL:     5   Next: 48%
Magic:  5/5        EV:  7    Int:  9    God:
Gold:   157        SH:  9    Dex:  9    Spells: 0 memorised, 4 levels left

rFire  + . .     SeeInvis .     l - +1 morningstar
rCold  . . .     Clarity  .     b - +0 scale mail
rNeg   + . .     SustAt   .     c - +0 shield
rPois  ∞         Gourm    .     r - +0 helmet
rElec  +         Spirit   .     (no cloak)
rCorr  +         Warding  .     f - +0 pair of gloves
rMut   .         Stasis   .     (no boots)
MR     .....                    j - amulet of resist corrosion
Stlth  ..........               (no ring)
                                t - ring of protection from fire

@: not resistant to hostile enchantments, extremely unstealthy
A: negative energy resistance 1, electricity resistance, unbreathing,
petrification resistance, rot immunity, AC +4
a: no special abilities


You were on level 4 of the Dungeon.
You were not hungry.

You visited 1 branch of the dungeon, and saw 4 of its levels.

You collected 157 gold pieces.

Inventory:

Hand weapons
 a - a +0 flail
 l - a +1 morningstar (weapon)
Armour
 b - a +0 scale mail (worn)
 c - a +0 shield (worn)
 f - a +0 pair of gloves (worn)
 o - a +0 large shield
 r - a +0 helmet (worn)
Jewellery
 j - an amulet of resist corrosion (around neck)
 n - an uncursed ring of protection from magic {unknown}
 t - a ring of protection from fire (left hand)
Magical devices
 s - a wand of magic darts (20)
Scrolls
 p - a scroll of remove curse
 y - a scroll of amnesia
 A - 2 scrolls of teleportation
Potions
 d - 2 potions of might
 h - a potion of invisibility {unknown}
 i - 3 potions of brilliance {unknown}
 k - a potion of lignification {unknown}
 m - a potion of haste {unknown}
 q - a potion of poison {unknown}
 u - 2 potions of curing {unknown}
 x - a potion of beneficial mutation {unknown}
 z - a potion of magic {unknown}
 B - a potion of degeneration {unknown}
Comestibles
 e - 2 bread rations
 g - 2 slices of pizza
 v - a chunk of flesh
 w - 2 meat rations
 C - a beef jerky


   Skills:
 + Level 4.1 Fighting
 * Level 3.4 Maces & Flails
 + Level 4.2 Armour
 + Level 4.3 Shields


You had 4 spell levels left.
You didn't know any spells.

Dungeon Overview and Level Annotations

Branches:
Dungeon (4/15)
 Temple: D:4-7

Altars:
Elyvilon
Nemelex Xobeh


Innate Abilities, Weirdness & Mutations

You are resistant to torment.
Your stone body is resilient (AC +4).
You are immune to poison.
You resist negative energy.
You are resistant to electric shocks.
You can survive without breathing.
You are immune to petrification.
You are immune to rotting.


Message History

You barely miss the ogre.
The ogre is lightly wounded.
The ogre closely misses you.
You hit the ogre.
The ogre is moderately wounded.
The ogre hits you but does no damage.
Your shield and scale mail prevent you from hitting the ogre.
The ogre is moderately wounded.
The ogre hits you with a giant club.
* * * LOW HITPOINT WARNING * * *
You hit the ogre.
The ogre is moderately wounded.
The ogre closely misses you.
You sock the ogre!
The ogre is severely wounded.
You block the ogre's attack.
You hit the ogre.
The ogre is severely wounded.
The ogre hits you with a giant club!
You die...

#..#####..#.####.# .#
#.....
#..#####..#.####.###..#
#####.
#..#.......#.......#..#
#.
#..#.###.##.####......#
#. .........##.#
#.#.##.# ##
...########.####.#.##(#
##. #...........#
>..####O#...... ###
#@####### #[# #.# ..#
#.# #.# #.# ..#


You could see an ogre.

Vanquished Creatures
  Ijyb (D:2)
  A hound (D:4)
  4 adders
  An ooze (D:4)
  5 worms
  7 orcs (D:3)
  3 giant cockroaches (D:3)
  2 goblins
  5 hobgoblins
  4 jackals (D:3)
  5 kobolds
  A quokka (D:2)
  6 bats
  2 giant geckos
  2 giant newts
  5 rats
54 creatures vanquished.

Notes
Turn   | Place    | Note
--------------------------------------------------------------
     0 | D:1      | shakdrar the Gargoyle Fighter began the quest for the Orb.
     0 | D:1      | Reached XP level 1. HP: 14/14 MP: 1/1
   303 | D:1      | Reached XP level 2. HP: 19/19 MP: 2/2
   758 | D:2      | Noticed Ijyb
   791 | D:2      | Killed Ijyb
   791 | D:2      | Reached XP level 3. HP: 19/23 MP: 3/3
   839 | D:2      | Found a white marble altar of Elyvilon.
   951 | D:2      | Reached skill level 4 in Shields
   951 | D:2      | Reached XP level 4. HP: 27/29 MP: 4/4
  1209 | D:2      | Found a sparkling altar of Nemelex Xobeh.
  1674 | D:3      | Reached XP level 5. HP: 26/33 MP: 5/5
  2318 | D:4      | Noticed an ogre
  2332 | D:4      | Slain by an ogre

Vault maps used:
D:1:      ncdulo_smallfort, feat_on_display
D:2:      overflow_temple_1_default, nemelex_deck, first_bread, uniq_iyjb

Action                   |  1- 3 |  4- 6 || total
-------------------------+-------+-------++-------
Melee: Flail             |    83 |   116 ||   199
       Morningstar       |       |    56 ||    56
  Use: Scroll            |     5 |     7 ||    12
  Eat: Chunk             |       |     4 ||     4
       Pizza             |       |     1 ||     1
